Map: Cyber Forest LE

Players

NiceG

  • Race: Zerg Zerg
  • League: Diamond
  • Spawn Location: 11:00

PeLLy - Winner!

  • Race: Zerg Zerg
  • League: Diamond
  • Spawn Location: 5:00

VOD

Have the link to the VOD?

Description

Time

  • Played on: Aug. 18, 2019, 10:42 a.m.
  • Length: 10:14
Show
View Real Time Build Order
Export as new Build Order

NiceG Zerg 

Build Orders: Hatch First 

Get SALT Encoding   

  12  0:02  Drone  
  13  0:09  Drone  
  14  0:28  Overlord  
  14  0:47  Drone x2  
  14  0:48  Drone  
  17  0:59  Extractor  
  16  1:06  Hatchery  
  16  1:08  Drone  
  16  1:18  Spawning Pool  
  15  1:20  Drone  
  16  1:28  Drone  
  17  1:35  Drone  
  18  1:49  Drone  
  19  1:54  Overlord  
  19  2:05  Zergling x2  
  19  2:06  Queen  
  22  2:15  Zergling x2  
  23  2:18  Queen  
  23  2:20  Zergling x2  
  26  2:32  Zergling x2  
  26  2:33  Zergling x2  
  28  2:37  Metabolic Boost  
  28  2:38  Drone  
  29  2:53  Drone  
  29  2:54  Drone x2  
  31  3:10  Overlord x3  
  31  3:15  Roach Warren  
  31  3:18  Overlord  
  30  3:30  Queen, Evolution Chamber  
  30  3:31  Evolution Chamber  
  30  3:33  Drone  
  31  3:35  Drone  
  31  3:36  Extractor  
  31  3:48  Drone x2  
  31  3:49  Drone x2  
  35  4:00  Drone x3  
  38  4:08  Zerg Ground Armor Level 1  
  38  4:19  Roach x3  
  44  4:33  Roach  
  44  4:34  Roach x3  
  52  4:56  Ravager  
  52  4:57  Ravager  
  54  5:01  Hatchery  
  54  5:03  Drone x2  
  54  5:04  Drone x4  
  59  5:18  Zerg Missile Weapons Level 1  
  59  5:20  Overlord x2  
  58  5:35  Roach  
  60  5:36  Overlord x3  
  60  5:43  Roach x2  
  64  5:55  Drone x2  
  64  5:56  Drone x3  
  67  6:04  Extractor  
  67  6:06  Extractor  
  67  6:09  Roach x5  
  69  6:16  Spine Crawler  
  66  6:23  Roach x3  
  66  6:43  Roach x7  
  75  6:50  Roach x2  
  75  6:51  Roach  
  75  6:54  Roach  
  79  7:02  Roach x2  
  83  7:24  Lair  
  83  7:27  Zergling x2  
  83  7:28  Zergling x12  
  83  7:29  Zergling x6  
  93  7:40  Spine Crawler  
  93  7:41  Spine Crawler  
  79  7:52  Queen  
  79  7:56  Roach x5  
  79  7:57  Roach  
  93  8:19  Ravager  
  95  8:20  Ravager  
  95  8:23  Drone x3  
  95  8:26  Drone x5  
  104  8:27  Drone x2  
  102  8:48  Overlord x3  
  102  8:49  Overlord x2  
  102  9:12  Ravager x2  
  104  9:21  Overlord x3  
  104  9:22  Overlord x2  
  104  9:30  Queen  
Show
View Real Time Build Order
Export as new Build Order

PeLLy Zerg - Winner!

Build Orders: Hatch First 

Get SALT Encoding   

  12  0:00  Drone  
  13  0:12  Overlord  
  13  0:19  Drone  
  14  0:30  Drone x2  
  14  0:35  Drone  
  17  0:53  Hatchery  
  17  0:57  Drone  
  17  1:03  Drone  
  18  1:14  Spawning Pool  
  18  1:16  Drone  
  18  1:22  Overlord  
  18  1:36  Drone  
  19  1:41  Drone  
  20  2:05  Queen x2  
  24  2:10  Zergling x6  
  24  2:12  Drone  
  28  2:18  Drone  
  29  2:40  Drone x4  
  33  3:08  Evolution Chamber  
  33  3:10  Extractor, Evolution Chamber  
  30  3:12  Extractor  
  30  3:18  Queen  
  31  3:21  Roach Warren  
  31  3:23  Drone x6  
  31  3:25  Overlord x2  
  31  3:26  Overlord  
  36  3:45  Drone x4  
  36  3:48  Drone  
  41  4:03  Hatchery  
  40  4:15  Drone x10  
  50  4:19  Lair  
  50  4:27  Zerg Missile Weapons Level 1  
  50  4:31  Drone  
  50  4:32  Drone  
  52  4:53  Extractor x2  
  52  4:54  Overlord x3  
  50  5:13  Roach x5  
  60  5:18  Spine Crawler  
  60  5:19  Roach x2  
  60  5:20  Spine Crawler  
  60  5:21  Spine Crawler  
  61  5:22  Roach x4  
  66  5:30  Roach x5  
  76  5:43  Roach  
  76  5:45  Roach  
  76  5:47  Glial Reconstitution  
  78  6:09  Roach  
  78  6:10  Roach x3  
  84  6:12  Overlord x3  
  84  6:27  Zerg Missile Weapons Level 2  
  84  6:32  Hatchery  
  67  6:48  Roach  
  67  6:49  Roach x5  
  75  6:54  Roach x3  
  69  7:03  Roach x3  
  75  7:10  Roach  
  75  7:11  Roach  
  79  7:20  Ravager x2  
  79  7:22  Ravager  
  82  7:24  Roach x5  
  92  7:38  Roach x4  
  100  7:47  Roach x4  
  100  7:48  Roach  
  110  7:59  Roach x2  
  110  8:05  Spire  
  113  8:17  Drone  
  113  8:18  Overlord x3  
  114  8:39  Roach  
  114  8:40  Roach x5  
  126  8:48  Ravager x4  
  129  8:50  Overlord  
  130  8:58  Roach  
  130  8:59  Roach  
  134  9:10  Roach  
  134  9:11  Extractor, Roach x2  
  134  9:13  Drone  
  134  9:14  Drone, Extractor  
  140  9:30  Drone x6  
Tags
 
Add a new tag
Caveats
  • Supply blocks, unpowered buildings, or Contaminate may cause inaccurate times.
  • Supply counts are checked every 10 seconds.